Ice Dragons vs Atomiques
Created - January 10, 2020 at 19:18
Goals
|
| Ice Dragons |
1 |
1 |
4 |
6 |
| Atomiques |
1 |
1 |
2 |
4 |
|
Shots
|
| Ice Dragons |
9 |
13 |
9 |
31 |
| Atomiques |
19 |
8 |
10 |
37 |
|
1st period
1. Ice Dragons , Logan MacMillan 5 (Samuel Groulx 6) at 7:17
2. Atomiques , Anthony Nigro 1 (Eric Mestery 13, Chris Tierney 19) at 13:13
Penalties :
Adam Clendening (Kin) for Hooking (Minor) at 17:02
2nd period
3. Ice Dragons , Logan MacMillan 6 (Corban Knight 21) at 0:26
4. Atomiques , Nikolaj Ehlers 13 (Chris Tierney 20) at 5:12 (PP)
Penalties :
Kevin Connauton (Kin) for Hooking (Minor) at 0:31, Brandon Kozun (Kin) for High sticking (Minor) at 4:39, Colby Cohen (STB) for Hooking (Minor) at 8:43, Corban Knight (Kin) for Roughing (Minor) at 15:27, Samuel Groulx (Kin) for High sticking (Minor) at 18:37
3rd period
5. Ice Dragons , Brian Boyle 15 (Corban Knight 22, Harru Sateri) at 1:34 (PP)
6. Atomiques , Dwight King 11 (James Wright 8, Jimmy Hayes 9) at 11:04
7. Ice Dragons , Jordan LaVallee 16 (Kevin Connauton 11, Brian Boyle 19) at 13:41
8. Ice Dragons , Brandon Kozun 10 (Jordan LaVallee 18) at 14:54 (PP)
9. Atomiques , Brendan Lemieux 13 (Michael Chaput 14, Corey Tropp 9) at 18:43
10. Ice Dragons , Brian Boyle 16 (Jordan LaVallee 19, Brandon Kozun 11) at 19:17 (Empty Net)
Penalties :
Alex Tuch (STB) for Interference (Minor) at 0:15, Jimmy Hayes (STB) for Hooking (Minor) at 6:21, Matt Tennyson (STB) for Hooking (Minor) at 13:52
Goalie Stats
Harru Sateri (Kin), 33 saves from 37 shots - (0.892), W, 14-10-4, 60:00 minutes
Connor Hellebyuk (STB), 25 saves from 30 shots - (0.833), L, 10-10-3, 59:30 minutes
Players Stats for Ice Dragons
Player Name G A P +/- PIM S H SB GA TA FO MP PP MP PK MP
------------------------------------------------------------------------------------
Adam Clendening 0 0 0 0 2 0 2 0 0 0 0/0 18:47 1:39 2:03
Alex Plante 0 0 0 1 0 2 1 0 0 1 0/0 11:54 0:00 0:00
Brandon Kozun 1 1 2 2 2 4 0 0 1 1 0/0 18:50 2:36 1:42
Brayden McNabb 0 0 0 0 0 0 1 0 1 1 0/0 28:32 4:19 5:17
Brian Boyle 2 1 3 2 0 6 6 0 0 1 13/36 22:53 3:26 4:48
Chris Wagner 0 0 0 2 0 1 1 0 0 0 1/1 13:48 2:23 0:00
Corban Knight 0 2 2 2 2 2 5 0 1 1 6/10 19:14 3:17 3:58
Emil Pettersson 0 0 0 -2 0 0 1 0 0 1 3/5 10:33 0:00 1:29
Jordan LaVallee 1 2 3 2 0 4 1 0 1 0 0/0 18:09 2:36 1:15
Juho Lammikko 0 0 0 -2 0 1 1 0 2 0 0/0 8:54 0:00 0:00
Justin Shugg 0 0 0 -1 0 2 0 0 0 0 0/0 10:31 0:05 0:00
Kevin Connauton 0 1 1 0 2 0 0 1 3 0 0/0 25:44 4:19 3:52
Logan MacMillan 2 0 2 2 0 5 2 0 0 0 0/0 15:48 2:23 1:45
Michael Ferland 0 0 0 -2 0 2 1 0 0 0 0/0 9:57 0:05 0:35
Robin Norell 0 0 0 1 0 0 0 2 0 0 0/0 16:16 0:00 2:51
Sam Carrick 0 0 0 -1 0 1 1 0 0 0 1/2 11:34 0:09 0:44
Samuel Groulx 0 1 1 0 2 0 0 1 0 1 0/0 19:49 2:33 2:13
William Carrier 0 0 0 -1 0 1 2 1 0 1 0/1 10:13 0:00 0:00
Players Stats for Atomiques
Player Name G A P +/- PIM S H SB GA TA FO MP PP MP PK MP
------------------------------------------------------------------------------------
Alex Tuch 0 0 0 -3 2 0 5 0 1 0 0/1 15:30 3:40 0:00
Anthony Nigro 1 0 1 0 0 1 0 0 1 0 1/1 7:30 0:00 0:00
Bobby Farnham 0 0 0 0 0 0 2 0 0 0 1/1 6:42 0:00 0:00
Brendan Lemieux 1 0 1 1 0 3 1 0 1 1 0/0 18:06 4:27 0:30
Chris Tierney 0 2 2 -2 0 3 3 0 0 1 8/20 18:52 3:41 3:27
Colby Cohen 0 0 0 -1 2 2 0 1 0 3 0/0 15:45 0:00 2:39
Connor Clifton 0 0 0 -1 0 0 0 1 0 1 0/0 13:06 0:00 0:00
Corey Tropp 0 1 1 1 0 4 3 0 0 1 0/0 14:02 0:00 1:16
Dalton Smith 0 0 0 0 0 1 1 0 1 0 0/0 8:33 0:00 1:05
Dwight King 1 0 1 1 0 3 0 0 0 0 0/1 16:34 0:00 3:07
Eric Mestery 0 1 1 1 0 1 1 0 0 0 0/0 20:55 5:20 2:21
James Wright 0 1 1 0 0 5 2 0 2 0 15/21 20:18 4:27 1:46
Jimmy Hayes 0 1 1 1 2 4 1 0 0 0 1/1 18:00 4:27 0:00
Matt Tennyson 0 0 0 -1 2 0 5 1 1 1 0/0 26:45 5:20 2:37
Max McCormick 0 0 0 0 0 0 0 0 0 0 0/0 0:00 0:00 0:00
Michael Chaput 0 1 1 1 0 4 1 2 1 0 5/8 13:56 0:00 0:45
Nikolaj Ehlers 1 0 1 -3 0 2 0 0 0 0 0/1 15:31 3:41 0:00
Samuel Morin 0 0 0 1 0 3 0 0 0 1 0/0 20:35 2:48 3:37
Wiley Sherman 0 0 0 -1 0 1 3 0 0 0 0/0 22:57 2:48 0:42
3 Stars
1 - Brian Boyle (Kin)
2 - Logan MacMillan (Kin)
3 - Jordan LaVallee (Kin)
Power Play
Ice Dragons - 2 on 4 Attempt(s) - 50.00%
Atomiques - 1 on 5 Attempt(s) - 20.00%
Penalty Kill
Ice Dragons - 4 on 5 Attempt(s) - 80.00%
- Score 0 goal in Penalty Kill
Atomiques - 2 on 4 Attempt(s) - 50.00%
- Score 0 goal in Penalty Kill
Team Stat
Ice Dragons - Hits : 25 - Faceoff Wins : 24 - Blocked Shots : 5 - Penalty Minutes : 10
Atomiques - Hits : 28 - Faceoff Wins : 31 - Blocked Shots : 5 - Penalty Minutes : 8
Official
Referees : Unknown
Linesman : Unknown
Game Notes
Brian Boyle has scored in a empty net!
Finance
Level 1 -- Attendance: 1315 (65.75%) -- Ticket Income $52,600
Level 2 -- Attendance: 775 (77.50%) -- Ticket Income $15,500
Total Attendance: 2090 (69.67%)
Total Ticket Income: $68,100
Other Income: $3,405
Total Income: $71,505
Ice Dragons
5 vs 5 Forward
Center Left Wing Right Wing Time % Phy DF OF
1 Brian Boyle Jordan LaVallee Brandon Kozun 40 1 2 2
2 Corban Knight Logan MacMillan Chris Wagner 30 1 2 2
3 Sam Carrick William Carrier Justin Shugg 20 1 2 2
4 Emil Pettersson Michael Ferland Juho Lammikko 10 1 2 2
5 vs 5 Defense
Defense Defense Time % Phy DF OF
1 Brayden McNabb Kevin Connauton 40 1 2 2
2 Adam Clendening Samuel Groulx 30 1 2 2
3 Alex Plante Robin Norell 20 1 2 2
4 Robin Norell Brayden McNabb 10 1 2 2
PowerPlay Forward
Center Left Wing Right Wing Time % Phy DF OF
1 Brian Boyle Jordan LaVallee Brandon Kozun 60 1 2 2
2 Corban Knight Logan MacMillan Chris Wagner 40 1 2 2
PowerPlay Defense
Defense Defense Time % Phy DF OF
1 Brayden McNabb Kevin Connauton 60 1 2 2
2 Adam Clendening Samuel Groulx 40 1 2 2
Penalty Kill 4 Players Forward
Center Wing Time % Phy DF OF
1 Brian Boyle Corban Knight 60 1 2 2
2 Brandon Kozun Logan MacMillan 40 1 2 2
Penalty Kill 4 Players Defense
Defense Defense Time % Phy DF OF
1 Brayden McNabb Kevin Connauton 60 1 2 2
2 Robin Norell Samuel Groulx 40 1 2 2
Penalty Kill - 3 Players Forward
Forward Time % Phy DF OF
1 Brian Boyle 60 1 2 2
2 Corban Knight 40 1 2 2
Penalty Kill - 3 Players Defense
Defense Defense Time % Phy DF OF
1 Brayden McNabb Kevin Connauton 60 1 2 2
2 Robin Norell Samuel Groulx 40 1 2 2
4 vs 4 Forward
Center Wing Time % Phy DF OF
1 Brian Boyle Corban Knight 60 1 2 2
2 Brandon Kozun Logan MacMillan 40 1 2 2
4 vs 4 Defense
Defense Defense Time % Phy DF OF
1 Brayden McNabb Kevin Connauton 60 1 2 2
2 Adam Clendening Samuel Groulx 40 1 2 2
Last Minutes Offensive
Center Left Wing Right Wing Defense Defense
Brian Boyle Logan MacMillan Brandon Kozun Brayden McNabb Kevin Connauton
Last Minutes Defensive
Center Left Wing Right Wing Defense Defense
Brian Boyle Logan MacMillan Brandon Kozun Brayden McNabb Kevin Connauton
Goaltenders
Starting : Harru Sateri
Backup : Oscar Dansk
Extra Forwards
Normal : Sam Carrick, Michael Ferland, Emil Pettersson - PP : Sam Carrick, Michael Ferland - PK : Emil Pettersson
Extra Defensemen
Normal : Alex Plante, Adam Clendening, Robin Norell - PP : Alex Plante - PK : Adam Clendening, Robin Norell
Penalty Shots
Brian Boyle, Corban Knight, Brandon Kozun, Logan MacMillan, Sam Carrick
Scratches
Thomas Gobeil (Healthy), Theodor Blueger (Healthy), Alex Henriksson (Healthy), Cole Ully (Healthy), Mike Reilly (Healthy)
Christian Djoos (Healthy), Billy Sweat (Healthy)
Atomiques
5 vs 5 Forward
Center Left Wing Right Wing Time % Phy DF OF
1 James Wright Dwight King Jimmy Hayes 35 0 2 3
2 Chris Tierney Nikolaj Ehlers Alex Tuch 30 0 1 4
3 Michael Chaput Brendan Lemieux Corey Tropp 30 0 2 3
4 Anthony Nigro Dalton Smith Bobby Farnham 5 1 2 2
5 vs 5 Defense
Defense Defense Time % Phy DF OF
1 Matt Tennyson Wiley Sherman 40 0 2 3
2 Eric Mestery Samuel Morin 30 0 2 3
3 Colby Cohen Connor Clifton 20 1 2 2
4 Matt Tennyson Wiley Sherman 10 0 2 3
PowerPlay Forward
Center Left Wing Right Wing Time % Phy DF OF
1 James Wright Brendan Lemieux Jimmy Hayes 50 0 2 3
2 Chris Tierney Nikolaj Ehlers Alex Tuch 50 0 1 4
PowerPlay Defense
Defense Defense Time % Phy DF OF
1 Matt Tennyson Eric Mestery 60 0 2 3
2 Wiley Sherman Samuel Morin 40 0 2 3
Penalty Kill 4 Players Forward
Center Wing Time % Phy DF OF
1 Chris Tierney Dwight King 60 1 3 1
2 James Wright Corey Tropp 40 1 3 1
Penalty Kill 4 Players Defense
Defense Defense Time % Phy DF OF
1 Matt Tennyson Samuel Morin 60 1 3 1
2 Colby Cohen Eric Mestery 40 1 3 1
Penalty Kill - 3 Players Forward
Forward Time % Phy DF OF
1 Chris Tierney 60 1 3 1
2 James Wright 40 1 3 1
Penalty Kill - 3 Players Defense
Defense Defense Time % Phy DF OF
1 Matt Tennyson Samuel Morin 60 1 3 1
2 Colby Cohen Eric Mestery 40 1 3 1
4 vs 4 Forward
Center Wing Time % Phy DF OF
1 James Wright Brendan Lemieux 60 0 2 3
2 Nikolaj Ehlers Alex Tuch 40 0 2 3
4 vs 4 Defense
Defense Defense Time % Phy DF OF
1 Matt Tennyson Eric Mestery 60 0 2 3
2 Wiley Sherman Samuel Morin 40 0 2 3
Last Minutes Offensive
Center Left Wing Right Wing Defense Defense
James Wright Nikolaj Ehlers Alex Tuch Wiley Sherman Matt Tennyson
Last Minutes Defensive
Center Left Wing Right Wing Defense Defense
Chris Tierney Dwight King Corey Tropp Matt Tennyson Samuel Morin
Goaltenders
Starting : Connor Hellebyuk
Backup : Thatcher Demko
Extra Forwards
Normal : Dwight King, Michael Chaput, Anthony Nigro - PP : Michael Chaput, Dwight King - PK : Dwight King
Extra Defensemen
Normal : Samuel Morin, Connor Clifton, Colby Cohen - PP : Samuel Morin - PK : Colby Cohen, Wiley Sherman
Penalty Shots
Dwight King, Nikolaj Ehlers, Alex Tuch, James Wright, Chris Tierney
Scratches
Mike Halmo (Healthy), Freddie Hamilton (Healthy), Joseph Cramarossa (Healthy), Carl Dahlstrom (Healthy), Travis Sanheim (Strained Left Knee Injury)
Axel Holmstrom (Healthy), Keegan Iverson (Healthy), Andrew Hammond (Healthy)
% Time on Ice - Ice Dragons
Lines # - Real PCT - Wanted PCT - Time Play
Normal Forward
1 - 32% - 40% - 14:46
2 - 26% - 30% - 11:40
3 - 22% - 20% - 10:13
4 - 20% - 10% - 8:54
Normal Defense
1 - 38% - 40% - 17:13
2 - 33% - 30% - 15:04
3 - 25% - 20% - 11:20
4 - 4% - 10% - 1:56
PP Forward
1 - 60% - 60% - 3:35
2 - 40% - 40% - 2:23
PP Defense
1 - 72% - 60% - 4:19
2 - 28% - 40% - 1:39
PK Forward
1 - 78% - 60% - 6:23
2 - 22% - 40% - 1:45
PK Defense
1 - 65% - 60% - 5:17
2 - 35% - 40% - 2:51
PK3 Forward
1 - 0% - 60%
2 - 0% - 40%
PK3 Defense
1 - 0% - 60%
2 - 0% - 40%
44 Forward
1 - 100% - 60% - 0:21
2 - 0% - 40% - 0:00
44 Defense
1 - 100% - 60% - 0:21
2 - 0% - 40% - 0:00
Last Minute Offensive - 0:00
Last Minute Defensive - 0:00
Total
Forward - 60:00
Defense - 60:00
|
% Time on Ice - Atomiques
Lines # - Real PCT - Wanted PCT - Time Play
Normal Forward
1 - 31% - 35% - 14:15
2 - 26% - 30% - 11:35
3 - 28% - 30% - 12:46
4 - 15% - 5% - 6:42
Normal Defense
1 - 38% - 40% - 17:03
2 - 31% - 30% - 13:59
3 - 29% - 20% - 13:02
4 - 3% - 10% - 1:14
PP Forward
1 - 55% - 50% - 4:27
2 - 45% - 50% - 3:41
PP Defense
1 - 66% - 60% - 5:20
2 - 34% - 40% - 2:48
PK Forward
1 - 79% - 60% - 4:42
2 - 21% - 40% - 1:16
PK Defense
1 - 69% - 60% - 4:07
2 - 31% - 40% - 1:51
PK3 Forward
1 - 0% - 60%
2 - 0% - 40%
PK3 Defense
1 - 0% - 60%
2 - 0% - 40%
44 Forward
1 - 100% - 60% - 0:21
2 - 0% - 40% - 0:00
44 Defense
1 - 100% - 60% - 0:21
2 - 0% - 40% - 0:00
Last Minute Offensive - 0:15
Last Minute Defensive - 0:00
Total
Forward - 60:00
Defense - 60:00
|
Play-by-Play
1st period
0:01 of 1st period - Brian Boyle wins face-off versus James Wright in neutral zone.
0:57 of 1st period - Snap shot by Corey Tropp.
0:57 of 1st period - Stopped by Harru Sateri with a rebound.
0:59 of 1st period - Slapshot by Eric Mestery.
0:59 of 1st period - Deflect By Brendan Lemieux.
0:59 of 1st period - Stopped by Harru Sateri with a rebound.
1:01 of 1st period - Slapshot by Samuel Morin.
1:01 of 1st period - Stopped by Harru Sateri with a rebound.
1:03 of 1st period - Slapshot by Samuel Morin.
1:03 of 1st period - Shot Misses the Net.
1:09 of 1st period - Wrist shot by Brendan Lemieux.
1:09 of 1st period - Stopped by Harru Sateri without a rebound.
1:10 of 1st period - Bobby Farnham wins face-off versus Emil Pettersson in Ice Dragons zone.
1:11 of 1st period - Slapshot by Anthony Nigro.
1:11 of 1st period - Shot Misses the Net.
1:13 of 1st period - Slapshot by Dalton Smith.
1:13 of 1st period - Stopped by Harru Sateri with a rebound.
1:15 of 1st period - Slapshot by Colby Cohen.
1:15 of 1st period - Stopped by Harru Sateri without a rebound.
1:16 of 1st period - Anthony Nigro wins face-off versus Emil Pettersson in Ice Dragons zone.
1:50 of 1st period - Wrist shot by Juho Lammikko.
1:50 of 1st period - Shot Misses the Net.
2:18 of 1st period - Snap shot by Juho Lammikko.
2:18 of 1st period - Stopped by Connor Hellebyuk with a rebound.
2:23 of 1st period - Off-side.
2:24 of 1st period - Brian Boyle wins face-off versus Michael Chaput in neutral zone.
2:27 of 1st period - Matt Tennyson is hit by Jordan LaVallee and loses puck.
3:44 of 1st period - Wrist shot by Chris Tierney.
3:44 of 1st period - Stopped by Harru Sateri without a rebound.
3:45 of 1st period - Michael Chaput wins face-off versus Corban Knight in Ice Dragons zone.
3:55 of 1st period - Icing by Brayden McNabb.
3:56 of 1st period - Corban Knight wins face-off versus Chris Tierney in Ice Dragons zone.
4:03 of 1st period - Snap shot by Nikolaj Ehlers.
4:03 of 1st period - Stopped by Harru Sateri without a rebound.
4:04 of 1st period - Brian Boyle wins face-off versus Nikolaj Ehlers in Ice Dragons zone.
4:10 of 1st period - Off-side.
4:11 of 1st period - Michael Chaput wins face-off versus Brian Boyle in neutral zone.
4:14 of 1st period - Snap shot by Corey Tropp.
4:14 of 1st period - Shot Misses the Net.
4:16 of 1st period - Slapshot by Wiley Sherman.
4:16 of 1st period - Deflect By Jordan LaVallee.
4:16 of 1st period - Stopped by Harru Sateri with a rebound.
4:18 of 1st period - Snap shot by Michael Chaput.
4:18 of 1st period - Stopped by Harru Sateri without a rebound.
4:19 of 1st period - Michael Chaput wins face-off versus Brian Boyle in Ice Dragons zone.
4:24 of 1st period - Wrist shot by Michael Chaput.
4:24 of 1st period - Shot Misses the Net.
4:26 of 1st period - Slapshot by Matt Tennyson.
4:26 of 1st period - Shot Blocked by Kevin Connauton.
4:44 of 1st period - Wiley Sherman is hit by Logan MacMillan and loses puck.
4:51 of 1st period - Wrist shot by Logan MacMillan.
4:51 of 1st period - Shot Misses the Net.
4:53 of 1st period - Wrist shot by Logan MacMillan.
4:53 of 1st period - Stopped by Connor Hellebyuk with a rebound.
5:54 of 1st period - Snap shot by Brian Boyle.
5:54 of 1st period - Stopped by Connor Hellebyuk with a rebound.
5:56 of 1st period - Slapshot by Alex Plante.
5:56 of 1st period - Stopped by Connor Hellebyuk with a rebound.
5:58 of 1st period - Slapshot by Alex Plante.
5:58 of 1st period - Shot Blocked by Connor Clifton.
7:17 of 1st period - Snap shot by Logan MacMillan.
7:17 of 1st period - Goal by Logan MacMillan - Ice Dragons : 1 - Atomiques : 0.
7:18 of 1st period - Jimmy Hayes wins face-off versus Brian Boyle in neutral zone.
7:43 of 1st period - Alex Tuch is hit by Corban Knight and loses puck.
8:10 of 1st period - Wrist shot by Corey Tropp.
8:10 of 1st period - Stopped by Harru Sateri with a rebound.
8:12 of 1st period - Slapshot by Brendan Lemieux.
8:12 of 1st period - Shot Blocked by Robin Norell.
8:30 of 1st period - Slapshot by Brian Boyle.
8:30 of 1st period - Stopped by Connor Hellebyuk with a rebound.
8:46 of 1st period - Wrist shot by Jimmy Hayes.
8:46 of 1st period - Stopped by Harru Sateri with a rebound.
9:13 of 1st period - Snap shot by Corban Knight.
9:13 of 1st period - Shot Blocked by Matt Tennyson.
9:35 of 1st period - Michael Chaput is hit by Brian Boyle and loses puck.
9:53 of 1st period - Wrist shot by William Carrier.
9:53 of 1st period - Shot Blocked by Colby Cohen.
9:55 of 1st period - Slapshot by Sam Carrick.
9:55 of 1st period - Shot Misses the Net.
10:15 of 1st period - Snap shot by Dwight King.
10:15 of 1st period - Stopped by Harru Sateri with a rebound.
10:31 of 1st period - Corban Knight is hit by Chris Tierney and loses puck.
10:38 of 1st period - Chris Tierney is hit by Corban Knight and loses puck.
11:32 of 1st period - Slapshot by Brayden McNabb.
11:32 of 1st period - Deflect By Corban Knight.
11:32 of 1st period - Shot Misses the Net.
11:32 of 1st period - Puck is out of play.
11:33 of 1st period - Corban Knight wins face-off versus Chris Tierney in Atomiques zone.
11:34 of 1st period - Snap shot by Logan MacMillan.
11:34 of 1st period - Stopped by Connor Hellebyuk without a rebound.
11:35 of 1st period - James Wright wins face-off versus Corban Knight in Atomiques zone.
11:50 of 1st period - Corban Knight is hit by Matt Tennyson and loses puck.
13:13 of 1st period - Slapshot by Anthony Nigro.
13:13 of 1st period - Goal by Anthony Nigro - Ice Dragons : 1 - Atomiques : 1.
13:14 of 1st period - James Wright wins face-off versus Brian Boyle in neutral zone.
14:23 of 1st period - William Carrier is hit by Bobby Farnham and loses puck.
14:36 of 1st period - Jordan LaVallee is hit by Eric Mestery and loses puck.
15:13 of 1st period - Icing by Samuel Groulx.
15:14 of 1st period - Emil Pettersson wins face-off versus Michael Chaput in Ice Dragons zone.
15:21 of 1st period - Slapshot by Jordan LaVallee.
15:21 of 1st period - Stopped by Connor Hellebyuk with a rebound.
15:23 of 1st period - Slapshot by Samuel Groulx.
15:23 of 1st period - Shot Blocked by Michael Chaput.
15:27 of 1st period - Slapshot by Jordan LaVallee.
15:27 of 1st period - Shot Misses the Net.
15:29 of 1st period - Slapshot by Adam Clendening.
15:29 of 1st period - Shot Misses the Net.
15:39 of 1st period - Connor Clifton is hit by Chris Wagner and loses puck.
16:00 of 1st period - Kevin Connauton is hit by Alex Tuch and loses puck.
16:49 of 1st period - Snap shot by Brandon Kozun.
16:49 of 1st period - Stopped by Connor Hellebyuk with a rebound.
17:02 of 1st period - Minor Penalty to Adam Clendening for Hooking.
17:03 of 1st period - James Wright wins face-off versus Brian Boyle in Ice Dragons zone.
17:03 of 1st period - Snap shot by Jimmy Hayes.
17:03 of 1st period - Shot Misses the Net.
17:05 of 1st period - Snap shot by James Wright.
17:05 of 1st period - Deflect By Brayden McNabb.
17:05 of 1st period - Stopped by Harru Sateri without a rebound.
17:06 of 1st period - James Wright wins face-off versus Corban Knight in Ice Dragons zone.
17:38 of 1st period - Wrist shot by Alex Tuch.
17:38 of 1st period - Shot Misses the Net.
17:40 of 1st period - Slapshot by Eric Mestery.
17:40 of 1st period - Stopped by Harru Sateri without a rebound.
17:41 of 1st period - Chris Tierney wins face-off versus Brian Boyle in Ice Dragons zone.
17:48 of 1st period - Snap shot by Chris Tierney.
17:48 of 1st period - Shot Blocked by Robin Norell.
17:50 of 1st period - Backhand shot by Samuel Morin.
17:50 of 1st period - Stopped by Harru Sateri with a rebound.
17:52 of 1st period - Wrist shot by Chris Tierney.
17:52 of 1st period - Stopped by Harru Sateri with a rebound.
17:54 of 1st period - Slapshot by Samuel Morin.
17:54 of 1st period - Stopped by Harru Sateri with a rebound.
19:02 of 1st period - Penalty to Adam Clendening is over, Adam Clendening is back on ice.
19:12 of 1st period - William Carrier is hit by Bobby Farnham and loses puck.
19:31 of 1st period - Michael Chaput is hit by Emil Pettersson and loses puck.
19:59 of 1st period - Snap shot by Brandon Kozun.
19:59 of 1st period - Deflect By Matt Tennyson.
19:59 of 1st period - Shot Misses the Net.
19:59 of 1st period - Puck is out of play.
Goals for this period are 1 for Ice Dragons vs 1 for Atomiques.
Shots for this period are 9 for Ice Dragons vs 19 for Atomiques.
2nd period
0:01 of 2nd period - James Wright wins face-off versus Brian Boyle in neutral zone.
0:16 of 2nd period - Snap shot by Brian Boyle.
0:16 of 2nd period - Stopped by Connor Hellebyuk without a rebound.
0:17 of 2nd period - Chris Wagner wins face-off versus Chris Tierney in Atomiques zone.
0:26 of 2nd period - Snap shot by Logan MacMillan.
0:26 of 2nd period - Goal by Logan MacMillan - Ice Dragons : 2 - Atomiques : 1.
0:27 of 2nd period - James Wright wins face-off versus Brian Boyle in neutral zone.
0:31 of 2nd period - Minor Penalty to Kevin Connauton for Hooking.
0:32 of 2nd period - Chris Tierney wins face-off versus Brian Boyle in Ice Dragons zone.
1:28 of 2nd period - Icing by Brendan Lemieux.
1:29 of 2nd period - Brian Boyle wins face-off versus James Wright in Atomiques zone.
1:44 of 2nd period - Robin Norell is hit by Chris Tierney and loses puck.
2:14 of 2nd period - Icing by Alex Tuch.
2:15 of 2nd period - Chris Tierney wins face-off versus Brian Boyle in Atomiques zone.
2:31 of 2nd period - Penalty to Kevin Connauton is over, Kevin Connauton is back on ice.
2:36 of 2nd period - Wrist shot by Jimmy Hayes.
2:36 of 2nd period - Stopped by Harru Sateri without a rebound.
2:37 of 2nd period - James Wright wins face-off versus William Carrier in Ice Dragons zone.
2:38 of 2nd period - Snap shot by Jimmy Hayes.
2:38 of 2nd period - Shot Misses the Net.
3:02 of 2nd period - Matt Tennyson is hit by Alex Plante and loses puck.
3:27 of 2nd period - Slapshot by Corban Knight.
3:27 of 2nd period - Stopped by Connor Hellebyuk with a rebound.
3:29 of 2nd period - Slapshot by Alex Plante.
3:29 of 2nd period - Stopped by Connor Hellebyuk with a rebound.
3:31 of 2nd period - Slapshot by Chris Wagner.
3:31 of 2nd period - Stopped by Connor Hellebyuk with a rebound.
3:33 of 2nd period - Snap shot by Corban Knight.
3:33 of 2nd period - Stopped by Connor Hellebyuk with a rebound.
4:29 of 2nd period - Snap shot by Michael Chaput.
4:29 of 2nd period - Stopped by Harru Sateri with a rebound.
4:31 of 2nd period - Slapshot by Connor Clifton.
4:31 of 2nd period - Shot Misses the Net.
4:33 of 2nd period - Snap shot by Colby Cohen.
4:33 of 2nd period - Stopped by Harru Sateri without a rebound.
4:34 of 2nd period - Chris Tierney wins face-off versus Brian Boyle in Ice Dragons zone.
4:37 of 2nd period - Slapshot by Chris Tierney.
4:37 of 2nd period - Shot Misses the Net.
4:39 of 2nd period - Minor Penalty to Brandon Kozun for High sticking.
4:40 of 2nd period - James Wright wins face-off versus Brian Boyle in Ice Dragons zone.
5:12 of 2nd period - Snap shot by Nikolaj Ehlers.
5:12 of 2nd period - Goal by Nikolaj Ehlers - Ice Dragons : 2 - Atomiques : 2.
5:13 of 2nd period - Michael Chaput wins face-off versus Brian Boyle in neutral zone.
5:39 of 2nd period - Corban Knight is hit by James Wright and loses puck.
5:46 of 2nd period - Wrist shot by Jimmy Hayes.
5:46 of 2nd period - Stopped by Harru Sateri without a rebound.
5:47 of 2nd period - Brian Boyle wins face-off versus Chris Tierney in Ice Dragons zone.
5:47 of 2nd period - Brian Boyle is hit by Alex Tuch.
5:53 of 2nd period - Wrist shot by Brian Boyle.
5:53 of 2nd period - Stopped by Connor Hellebyuk with a rebound.
5:55 of 2nd period - Slapshot by Jordan LaVallee.
5:55 of 2nd period - Shot Misses the Net.
5:57 of 2nd period - Snap shot by Brian Boyle.
5:57 of 2nd period - Shot Misses the Net.
5:59 of 2nd period - Slapshot by Brandon Kozun.
5:59 of 2nd period - Stopped by Connor Hellebyuk with a rebound.
6:01 of 2nd period - Snap shot by Jordan LaVallee.
6:01 of 2nd period - Deflect By Brandon Kozun.
6:01 of 2nd period - Shot Misses the Net.
6:01 of 2nd period - Puck is out of play.
6:02 of 2nd period - Corban Knight wins face-off versus James Wright in Atomiques zone.
6:08 of 2nd period - Icing by Jimmy Hayes.
6:09 of 2nd period - James Wright wins face-off versus Corban Knight in Atomiques zone.
6:09 of 2nd period - James Wright is hit by Corban Knight.
6:43 of 2nd period - Snap shot by Nikolaj Ehlers.
6:43 of 2nd period - Shot Misses the Net.
6:45 of 2nd period - Wrist shot by Chris Tierney.
6:45 of 2nd period - Stopped by Harru Sateri with a rebound.
6:59 of 2nd period - Eric Mestery is hit by William Carrier.
7:03 of 2nd period - Wrist shot by William Carrier.
7:03 of 2nd period - Deflect By Justin Shugg.
7:03 of 2nd period - Stopped by Connor Hellebyuk with a rebound.
7:05 of 2nd period - Wrist shot by Sam Carrick.
7:05 of 2nd period - Shot Misses the Net.
7:59 of 2nd period - Snap shot by Brandon Kozun.
7:59 of 2nd period - Stopped by Connor Hellebyuk without a rebound.
8:00 of 2nd period - Chris Tierney wins face-off versus Brian Boyle in Atomiques zone.
8:43 of 2nd period - Minor Penalty to Colby Cohen for Hooking.
8:44 of 2nd period - Chris Tierney wins face-off versus Brian Boyle in Atomiques zone.
10:43 of 2nd period - Penalty to Colby Cohen is over, Colby Cohen is back on ice.
11:04 of 2nd period - Adam Clendening is hit by Michael Chaput and loses puck.
11:13 of 2nd period - Wrist shot by Michael Chaput.
11:13 of 2nd period - Stopped by Harru Sateri with a rebound.
11:15 of 2nd period - Snap shot by Wiley Sherman.
11:15 of 2nd period - Deflect By Michael Chaput.
11:15 of 2nd period - Stopped by Harru Sateri with a rebound.
11:53 of 2nd period - Brendan Lemieux is hit by Sam Carrick and loses puck.
12:26 of 2nd period - Jordan LaVallee is hit by Corey Tropp and loses puck.
12:41 of 2nd period - Chris Tierney is hit by Logan MacMillan and loses puck.
12:52 of 2nd period - Justin Shugg is hit by Brendan Lemieux and loses puck.
13:08 of 2nd period - Eric Mestery is hit by Adam Clendening.
13:20 of 2nd period - Snap shot by Michael Ferland.
13:20 of 2nd period - Stopped by Connor Hellebyuk with a rebound.
14:09 of 2nd period - Dwight King is hit by Juho Lammikko and loses puck.
14:27 of 2nd period - Brandon Kozun is hit by Wiley Sherman and loses puck.
14:52 of 2nd period - Chris Tierney is hit by Adam Clendening and loses puck.
15:05 of 2nd period - Snap shot by Jordan LaVallee.
15:05 of 2nd period - Stopped by Connor Hellebyuk without a rebound.
15:06 of 2nd period - Corban Knight wins face-off versus Michael Chaput in Atomiques zone.
15:27 of 2nd period - Minor Penalty to Corban Knight for Roughing.
15:28 of 2nd period - James Wright wins face-off versus Brian Boyle in Ice Dragons zone.
16:35 of 2nd period - Sam Carrick is hit by Wiley Sherman and loses puck.
17:27 of 2nd period - Penalty to Corban Knight is over, Corban Knight is back on ice.
18:00 of 2nd period - Samuel Morin is hit by William Carrier and loses puck.
18:05 of 2nd period - Wrist shot by Sam Carrick.
18:05 of 2nd period - Stopped by Connor Hellebyuk with a rebound.
18:28 of 2nd period - Connor Clifton is hit by Michael Ferland and loses puck.
18:37 of 2nd period - Minor Penalty to Samuel Groulx for High sticking.
18:38 of 2nd period - Corban Knight wins face-off versus Chris Tierney in Ice Dragons zone.
18:38 of 2nd period - Corban Knight is hit by Alex Tuch.
18:48 of 2nd period - Alex Tuch is hit by Brian Boyle and loses puck.
19:03 of 2nd period - Jimmy Hayes is hit by Brayden McNabb and loses puck.
19:25 of 2nd period - Corban Knight is hit by James Wright and loses puck.
Goals for this period are 1 for Ice Dragons vs 1 for Atomiques.
Shots for this period are 13 for Ice Dragons vs 8 for Atomiques.
3rd period
0:01 of 3rd period - Brian Boyle wins face-off versus Chris Tierney in neutral zone.
0:15 of 3rd period - Minor Penalty to Alex Tuch for Interference.
0:16 of 3rd period - James Wright wins face-off versus Brian Boyle in Atomiques zone.
0:32 of 3rd period - Eric Mestery is hit by Brian Boyle and loses puck.
0:37 of 3rd period - Penalty to Samuel Groulx is over, Samuel Groulx is back on ice.
0:39 of 3rd period - Kevin Connauton is hit by Matt Tennyson and loses puck.
0:44 of 3rd period - Wrist shot by Brendan Lemieux.
0:44 of 3rd period - Shot Misses the Net.
0:54 of 3rd period - Wrist shot by James Wright.
0:54 of 3rd period - Stopped by Harru Sateri with a rebound.
1:34 of 3rd period - Snap shot by Brian Boyle.
1:34 of 3rd period - Goal by Brian Boyle - Ice Dragons : 3 - Atomiques : 2.
1:35 of 3rd period - Sam Carrick wins face-off versus Chris Tierney in neutral zone.
1:43 of 3rd period - Justin Shugg is hit by Matt Tennyson and loses puck.
2:00 of 3rd period - Justin Shugg is hit by Wiley Sherman and loses puck.
2:19 of 3rd period - Snap shot by William Carrier.
2:19 of 3rd period - Shot Misses the Net.
2:21 of 3rd period - Wrist shot by William Carrier.
2:21 of 3rd period - Shot Misses the Net.
2:23 of 3rd period - Slapshot by Kevin Connauton.
2:23 of 3rd period - Shot Misses the Net.
2:25 of 3rd period - Snap shot by Justin Shugg.
2:25 of 3rd period - Stopped by Connor Hellebyuk with a rebound.
2:27 of 3rd period - Wrist shot by William Carrier.
2:27 of 3rd period - Deflect By Sam Carrick.
2:27 of 3rd period - Shot Blocked by Michael Chaput.
2:27 of 3rd period - Puck is out of play.
2:28 of 3rd period - James Wright wins face-off versus Brian Boyle in Atomiques zone.
2:28 of 3rd period - James Wright is hit by Brian Boyle.
2:36 of 3rd period - Snap shot by Jimmy Hayes.
2:36 of 3rd period - Shot Misses the Net.
2:54 of 3rd period - Alex Plante is hit by Alex Tuch and loses puck.
3:34 of 3rd period - Connor Clifton is hit by Brian Boyle and loses puck.
3:55 of 3rd period - Jimmy Hayes is hit by Corban Knight and loses puck.
4:26 of 3rd period - Icing by Colby Cohen.
4:27 of 3rd period - Brian Boyle wins face-off versus Alex Tuch in Atomiques zone.
5:16 of 3rd period - Snap shot by Brendan Lemieux.
5:16 of 3rd period - Shot Misses the Net.
5:24 of 3rd period - Snap shot by William Carrier.
5:24 of 3rd period - Deflect By Wiley Sherman.
5:24 of 3rd period - Stopped by Connor Hellebyuk without a rebound.
5:25 of 3rd period - Brian Boyle wins face-off versus Chris Tierney in Atomiques zone.
5:59 of 3rd period - Snap shot by Dwight King.
5:59 of 3rd period - Shot Misses the Net.
6:17 of 3rd period - Wrist shot by Michael Ferland.
6:17 of 3rd period - Stopped by Connor Hellebyuk with a rebound.
6:19 of 3rd period - Snap shot by Emil Pettersson.
6:19 of 3rd period - Shot Misses the Net.
6:21 of 3rd period - Minor Penalty to Jimmy Hayes for Hooking.
6:22 of 3rd period - Chris Tierney wins face-off versus Brian Boyle in Atomiques zone.
6:47 of 3rd period - Colby Cohen is hit by Corban Knight and loses puck.
7:10 of 3rd period - Jordan LaVallee is hit by Chris Tierney and loses puck.
7:38 of 3rd period - Jordan LaVallee is hit by Dalton Smith and loses puck.
8:09 of 3rd period - Icing by Kevin Connauton.
8:10 of 3rd period - Corban Knight wins face-off versus Chris Tierney in Ice Dragons zone.
8:21 of 3rd period - Penalty to Jimmy Hayes is over, Jimmy Hayes is back on ice.
8:36 of 3rd period - Wrist shot by Corey Tropp.
8:36 of 3rd period - Stopped by Harru Sateri without a rebound.
8:37 of 3rd period - Brian Boyle wins face-off versus Dwight King in Ice Dragons zone.
8:42 of 3rd period - Wrist shot by Jordan LaVallee.
8:42 of 3rd period - Shot Misses the Net.
9:35 of 3rd period - Slapshot by Michael Chaput.
9:35 of 3rd period - Shot Blocked by William Carrier.
9:59 of 3rd period - Slapshot by Logan MacMillan.
9:59 of 3rd period - Stopped by Connor Hellebyuk with a rebound.
10:11 of 3rd period - Slapshot by Chris Tierney.
10:11 of 3rd period - Deflect By Juho Lammikko.
10:11 of 3rd period - Shot Blocked by Samuel Groulx.
10:11 of 3rd period - Puck is out of play.
10:12 of 3rd period - Emil Pettersson wins face-off versus Chris Tierney in Ice Dragons zone.
10:18 of 3rd period - Juho Lammikko is hit by Alex Tuch and loses puck.
10:37 of 3rd period - Juho Lammikko is hit by Matt Tennyson and loses puck.
10:58 of 3rd period - Wrist shot by Dwight King.
10:58 of 3rd period - Shot Misses the Net.
11:00 of 3rd period - Snap shot by Jimmy Hayes.
11:00 of 3rd period - Stopped by Harru Sateri with a rebound.
11:02 of 3rd period - Snap shot by James Wright.
11:02 of 3rd period - Shot Misses the Net.
11:04 of 3rd period - Wrist shot by Dwight King.
11:04 of 3rd period - Goal by Dwight King - Ice Dragons : 3 - Atomiques : 3.
11:05 of 3rd period - Brian Boyle wins face-off versus James Wright in neutral zone.
11:14 of 3rd period - James Wright is hit by Brian Boyle and loses puck.
11:44 of 3rd period - Corban Knight is hit by Corey Tropp and loses puck.
12:48 of 3rd period - Snap shot by James Wright.
12:48 of 3rd period - Stopped by Harru Sateri with a rebound.
13:29 of 3rd period - Off-side.
13:30 of 3rd period - Brian Boyle wins face-off versus Chris Tierney in neutral zone.
13:39 of 3rd period - Backhand shot by Jordan LaVallee.
13:39 of 3rd period - Stopped by Connor Hellebyuk with a rebound.
13:41 of 3rd period - Snap shot by Jordan LaVallee.
13:41 of 3rd period - Goal by Jordan LaVallee - Ice Dragons : 4 - Atomiques : 3.
13:42 of 3rd period - James Wright wins face-off versus Brian Boyle in neutral zone.
13:52 of 3rd period - Minor Penalty to Matt Tennyson for Hooking.
13:53 of 3rd period - Chris Tierney wins face-off versus Brian Boyle in Atomiques zone.
14:23 of 3rd period - Icing by Brayden McNabb.
14:24 of 3rd period - Brian Boyle wins face-off versus James Wright in Ice Dragons zone.
14:54 of 3rd period - Snap shot by Jordan LaVallee.
14:54 of 3rd period - Deflect By Brandon Kozun.
14:54 of 3rd period - Goal by Brandon Kozun - Ice Dragons : 5 - Atomiques : 3.
14:55 of 3rd period - James Wright wins face-off versus Brian Boyle in neutral zone.
16:18 of 3rd period - Slapshot by James Wright.
16:18 of 3rd period - Stopped by Harru Sateri without a rebound.
16:19 of 3rd period - Emil Pettersson wins face-off versus Chris Tierney in Ice Dragons zone.
16:44 of 3rd period - Emil Pettersson is hit by Jimmy Hayes and loses puck.
17:21 of 3rd period - Wrist shot by Corey Tropp.
17:21 of 3rd period - Stopped by Harru Sateri without a rebound.
17:22 of 3rd period - Michael Chaput wins face-off versus Sam Carrick in Ice Dragons zone.
18:14 of 3rd period - Justin Shugg is hit by Corey Tropp and loses puck.
18:43 of 3rd period - Wrist shot by Michael Chaput.
18:43 of 3rd period - Deflect By Brendan Lemieux.
18:43 of 3rd period - Goal by Brendan Lemieux - Ice Dragons : 5 - Atomiques : 4.
18:44 of 3rd period - James Wright wins face-off versus Brian Boyle in neutral zone.
18:47 of 3rd period - Atomiques, Connor Hellebyuk is pulled from the net.
18:53 of 3rd period - Wrist shot by Dwight King.
18:53 of 3rd period - Stopped by Harru Sateri with a rebound.
18:55 of 3rd period - Snap shot by James Wright.
18:55 of 3rd period - Stopped by Harru Sateri with a rebound.
19:09 of 3rd period - Brian Boyle is hit by Matt Tennyson.
19:17 of 3rd period - Slapshot by Brian Boyle.
19:17 of 3rd period - Goal by Brian Boyle - Ice Dragons : 6 - Atomiques : 4.
19:17 of 3rd period - Connor Hellebyuk from Atomiques was sent back in the game.
19:18 of 3rd period - Brian Boyle wins face-off versus James Wright in neutral zone.
Goals for this period are 4 for Ice Dragons vs 2 for Atomiques.
Shots for this period are 9 for Ice Dragons vs 10 for Atomiques.
Back to the Top